Cogmind - Beta 12 @@@ ROGUE MODE // 2023.05.14 @ 16:51:14 Player: Mr Goldstein Result: Destroyed by H-66 Slayer with Heavy Assault Rifle Performance ------------- Evolutions (1) 500 Regions Visited (5) 1000 Robots Destroyed (0) 0 Value Destroyed (0) 0 Prototype IDs (0) 0 Alien Tech Used (0) 0 Bonus (200) 200 TOTAL SCORE: 1700 Bonus ------- Pacifist 200 Cogmind --------- Core Integrity 0/400 Matter 286/300 Energy 99/100 System Corruption 0% Temperature Cool (0) Movement Core (50) Location -6/Proximity Caves Parts ------- > --- POWER (1) -------- (None) > --- PROPULSION (2) --- (None) > --- UTILITY (4) ------ (None) > --- WEAPON (2) ------- (None) > --- INVENTORY (5) ---- System Shield System Shield System Shield System Shield Peak State ------------ > --- POWER ------------ (None) > --- PROPULSION ------- (None) > --- UTILITY ---------- (None) > --- WEAPON ----------- (None) > --- INVENTORY -------- System Shield System Shield System Shield System Shield [Rating: 1] Favorites ----------- Power None Propulsion None Utility None Weapon None Build | -11 -10 -9 -9 -7 -6 ------- Run | Jun Mat Mat Min Zio Pro Slots Evolved 2 | . . 2 . . . Power . | . . . . . . Propulsion . | . . . . . . Utility 2 | . . 2 . . . Weapon . | . . . . . . Parts Attached . | . . . . . . Power . | . . . . . . Engine . | . . . . . . Core . | . . . . . . Reactor . | . . . . . . Propulsion . | . . . . . . Treads . | . . . . . . Leg . | . . . . . . Wheel . | . . . . . . Hover . | . . . . . . Flight . | . . . . . . Utility . | . . . . . . Device . | . . . . . . Storage . | . . . . . . Processor . | . . . . . . Hackware . | . . . . . . Protection . | . . . . . . Artifact . | . . . . . . Weapon . | . . . . . . Energy Gun . | . . . . . . Energy Cannon . | . . . . . . Ballistic Gun . | . . . . . . Ballistic Cannon . | . . . . . . Launcher . | . . . . . . Special Weapon . | . . . . . . Impact Weapon . | . . . . . . Slashing Weapon . | . . . . . . Piercing Weapon . | . . . . . . Special Melee Weapon . | . . . . . . Unidentified Prototypes . | . . . . . . Parts Lost . | . . . . . . Power . | . . . . . . Propulsion . | . . . . . . Utility . | . . . . . . Weapon . | . . . . . . Highest Loss Streak . | . . . . . . To Critical Strikes . | . . . . . . Average Slot Usage (%) . | . . . . . . Naked Turns 469 | . 24 62 14 24 345 Heaviest Build . | . . . . . . Greatest Support 3 | 3 3 3 3 3 3 Greatest Overweight (x) . | . . . . . . Average Overweight (x) . | . . . . . . Largest Inventory Capacity 5 | 5 5 5 5 5 5 Average Capacity 5 | 5 5 5 5 5 5 Most Carried 4 | . . 4 4 4 4 Average Carried 3 | . . 2 4 4 4 Final Capacity 5 | 5 5 5 5 5 5 Final Carried 4 | . . 4 4 4 4 Class Distribution -------------------- 100% | Mutant Dominant Class ---------------- Mutant | -10/Materials Mutant | -9/Materials Mutant | -9/Mines Mutant | -7/Zion Mutant | -6/Proximity Caves Resources | -11 -10 -9 -9 -7 -6 ----------- Run | Jun Mat Mat Min Zio Pro Matter Collected 180 | 143 . . . . 37 Remotely . | . . . . . . Salvage Created . | . . . . . . Parts . | . . . . . . Haulers Intercepted . | . . . . . . Recyclers Shooed . | . . . . . . Parts Field Recycled . | . . . . . . Retrieved Matter . | . . . . . . Parts Self-Destructed . | . . . . . . Prevented . | . . . . . . Kills | -11 -10 -9 -9 -7 -6 ------- Run | Jun Mat Mat Min Zio Pro Combat Hostiles Destroyed . | . . . . . . Classes Destroyed . | . . . . . . Best Kill Streak . | . . . . . . Combat Bots Only . | . . . . . . Max Kills in Single Turn . | . . . . . . Gunslinging . | . . . . . . Exploded . | . . . . . . Melee . | . . . . . . Uniques/NPCs Destroyed . | . . . . . . Combat | -11 -10 -9 -9 -7 -6 -------- Run | Jun Mat Mat Min Zio Pro Damage Taken 408 | 3 . 211 . . 194 Core 408 | 3 . 211 . . 194 Absorbed by Shields . | . . . . . . Core Remaining (%) 98 | 98 98 . . . . Volleys Fired . | . . . . . . Largest . | . . . . . . Hottest . | . . . . . . Shots Fired . | . . . . . . Gun . | . . . . . . Cannon . | . . . . . . Launcher . | . . . . . . Special . | . . . . . . Kinetic . | . . . . . . Thermal . | . . . . . . Explosive . | . . . . . . Electromagnetic . | . . . . . . Robot Hit Streak . | . . . . . . Robot Miss Streak . | . . . . . . Penetration Max . | . . . . . . Secondary Targets . | . . . . . . Shots Hit Robots . | . . . . . . Core Hits . | . . . . . . Critical Kills . | . . . . . . Critical Parts Destroyed . | . . . . . . Critical Strikes . | . . . . . . Melee Attacks . | . . . . . . Impact . | . . . . . . Slashing . | . . . . . . Piercing . | . . . . . . Sneak Attacks . | . . . . . . Combat Hostiles . | . . . . . . Follow-up Attacks . | . . . . . . Damage Inflicted 7 | 7 . . . . . Guns . | . . . . . . Cannons . | . . . . . . Explosions . | . . . . . . Melee . | . . . . . . Ramming 7 | 7 . . . . . Kinetic . | . . . . . . Thermal . | . . . . . . Explosive . | . . . . . . Electromagnetic . | . . . . . . Impact . | . . . . . . Slashing . | . . . . . . Piercing . | . . . . . . Highest Corruption 2 | 2 2 . . . . Average Corruption 2 | 2 2 . . . . Corruption Purged . | . . . . . . Corruption Blocked . | . . . . . . Effects 1 | . 1 . . . . Message Errors 1 | . 1 . . . . Overload Shots . | . . . . . . Overflow Damage . | . . . . . . Projectiles . | . . . . . . Explosions . | . . . . . . Melee . | . . . . . . Knockbacks . | . . . . . . Impact . | . . . . . . Kinetic . | . . . . . . Secondary . | . . . . . . Self-Inflicted Damage 3 | 3 . . . . . Shots . | . . . . . . Rammed 2 | 2 . . . . . Targets Rammed 2 | 2 . . . . . Kicked . | . . . . . . Crushed . | . . . . . . Highest Temperature . | . . . . . . Average Temperature . | . . . . . . Received Heat Transfer 12 | . . 12 . . . Siege Activations . | . . . . . . Robots Corrupted . | . . . . . . Combat Hostiles . | . . . . . . Parts Fried . | . . . . . . Impact Corruptions . | . . . . . . Robots Melted . | . . . . . . Combat Hostiles . | . . . . . . Parts Melted . | . . . . . . Heat Transferred . | . . . . . . Parts Sabotaged . | . . . . . . Parts Stolen . | . . . . . . Parts Stripped . | . . . . . . Power Chain Reactions . | . . . . . . Missiles Intercepted . | . . . . . . Alert | -11 -10 -9 -9 -7 -6 ------- Run | Jun Mat Mat Min Zio Pro Peak Influence 45 | . . 45 17 . . Initial 17 | . . . 17 . . Average 12 | . . 18 17 . . Maximum Alert Level . | . . . . . . Low Security (%) 100 | 100 100 100 100 . . Level 1 . | . . . . . . Level 2 . | . . . . . . Level 3 . | . . . . . . Level 4 . | . . . . . . Level 5 . | . . . . . . High Security . | . . . . . . Max Security . | . . . . . . Squads Dispatched . | . . . . . . Investigation . | . . . . . . Extermination . | . . . . . . Reinforcement . | . . . . . . Assault . | . . . . . . Garrison . | . . . . . . Intercept . | . . . . . . Searches Triggered . | . . . . . . Construction Impeded . | . . . . . . Haulers Reinforced . | . . . . . . Active Scanning Responses . | . . . . . . Cargo Convoy Interrupts . | . . . . . . Stealth | -11 -10 -9 -9 -7 -6 --------- Run | Jun Mat Mat Min Zio Pro Distress Signals 1 | . . 1 . . . Communications Jammed . | . . . . . . Distress Signals . | . . . . . . Times Spotted 20 | . . 15 . . 5 Peak Tracking Total 16 | . . 16 . . 3 Tactical Retreats 1 | . . . . . 1 Traps | -11 -10 -9 -9 -7 -6 ------- Run | Jun Mat Mat Min Zio Pro Traps Triggered . | . . . . . . Indirectly . | . . . . . . Trap Hack Attempts . | . . . . . . Triggered . | . . . . . . Disarmed . | . . . . . . Reprogrammed . | . . . . . . Reused . | . . . . . . Traps Extracted . | . . . . . . Installed . | . . . . . . Triggered . | . . . . . . Machines | -11 -10 -9 -9 -7 -6 ---------- Run | Jun Mat Mat Min Zio Pro Machines Disabled . | . . . . . . Max in Single Turn . | . . . . . . Machines Repaired . | . . . . . . Machines Sabotaged . | . . . . . . Overloaded Fab Kills . | . . . . . . Hacking | -11 -10 -9 -9 -7 -6 --------- Run | Jun Mat Mat Min Zio Pro Machines Accessed . | . . . . . . Terminals . | . . . . . . Fabricators . | . . . . . . Repair Stations . | . . . . . . Recycling Units . | . . . . . . Scanalyzers . | . . . . . . Garrison Access . | . . . . . . Total Hacks . | . . . . . . Successful . | . . . . . . Failed . | . . . . . . Catastrophic . | . . . . . . Database Lockouts . | . . . . . . Manual . | . . . . . . Terminals . | . . . . . . Fabricators . | . . . . . . Repair Stations . | . . . . . . Recycling Units . | . . . . . . Scanalyzers . | . . . . . . Garrison Access . | . . . . . . Terminal Hacks . | . . . . . . Fabricator Hacks . | . . . . . . Repair Station Hacks . | . . . . . . Recycling Unit Hacks . | . . . . . . Scanalyzer . | . . . . . . Garrison Access Hacks . | . . . . . . Unauthorized Hacks . | . . . . . . Terminals . | . . . . . . Fabricators . | . . . . . . Repair Stations . | . . . . . . Recycling Units . | . . . . . . Scanalyzers . | . . . . . . Garrison Access . | . . . . . . Data Cores Recovered . | . . . . . . Used . | . . . . . . Hacking Detections . | . . . . . . Full Trace Events . | . . . . . . Feedback Events . | . . . . . . Feedback Blocked . | . . . . . . Robot Schematics Acquired . | . . . . . . Robots Built . | . . . . . . Authchips . | . . . . . . Time . | . . . . . . Total Robot Build Rating . | . . . . . . Part Schematics Acquired . | . . . . . . Parts Built . | . . . . . . Authchips . | . . . . . . Time . | . . . . . . Total Part Build Rating . | . . . . . . Parts Repaired . | . . . . . . Time . | . . . . . . Parts Recycled . | . . . . . . Recycled Matter . | . . . . . . Retrieved Matter . | . . . . . . Retrieved Components . | . . . . . . Parts Scanalyzed . | . . . . . . Part Schematics Acquired . | . . . . . . Parts Damaged . | . . . . . . Bothacking | -11 -10 -9 -9 -7 -6 ------------ Run | Jun Mat Mat Min Zio Pro Used RIF Installer . | . . . . . . Robots Hacked . | . . . . . . Non-combat . | . . . . . . Combat . | . . . . . . Robot Hacks Applied . | . . . . . . Relay Couplers Released . | . . . . . . Fabnet Peak Effective % . | . . . . . . Robots Rewired . | . . . . . . Allies Hacked . | . . . . . . Hacks Repelled . | . . . . . . Allies | -11 -10 -9 -9 -7 -6 -------- Run | Jun Mat Mat Min Zio Pro Total Allies . | . . . . . . Largest Group . | . . . . . . Highest-Rated Group . | . . . . . . Highest-Rated Ally . | . . . . . . Total Orders . | . . . . . . Ally Attacks . | . . . . . . Total Damage . | . . . . . . Kills . | . . . . . . Allies Corrupted . | . . . . . . Allies Melted . | . . . . . . Intel | -11 -10 -9 -9 -7 -6 ------- Run | Jun Mat Mat Min Zio Pro Robot Analysis Total . | . . . . . . Derelict Logs Recovered 1 | . . . . . 1 Drone Launches . | . . . . . . Drone Recoveries . | . . . . . . Exploration | -11 -10 -9 -9 -7 -6 ------------- Run | Jun Mat Mat Min Zio Pro Turns Passed 483 | 14 24 62 14 24 345 Spaces Moved 452 | 25 48 116 28 48 187 Core 452 | 25 48 116 28 48 187 Treads . | . . . . . . Legs . | . . . . . . Wheels . | . . . . . . Hover . | . . . . . . Flight . | . . . . . . Fastest Speed 50 | 50 50 50 50 50 50 Average Speed 50 | 50 50 50 50 50 50 Slowest Speed 50 | 50 50 50 50 50 50 Overloaded Moves . | . . . . . . Propulsion Burnouts . | . . . . . . Robots Hopped . | . . . . . . Cave-ins Triggered . | . . . . . . Exploration Rate (%) 16 | 3 14 25 18 8 32 Regions Visited 5 Branch Regions 3 Pre-discovered Areas . | . . . . . . Known Exits Taken . | . . . . . . Unknown Exits Taken 5 | 1 1 1 1 1 . Scrap Searched 2 | . . . 1 . 1 Spaces Dug . | . . . . . . Terrain Destroyed . | . . . . . . Melee . | . . . . . . Projectile . | . . . . . . AOE . | . . . . . . Terrain Rammed . | . . . . . . Walls Destroyed . | . . . . . . Machines Disabled . | . . . . . . Actions | -11 -10 -9 -9 -7 -6 --------- Run | Jun Mat Mat Min Zio Pro Total 704 | 26 47 119 27 47 438 Wait 251 | . . . . . 251 Move 447 | 24 47 115 27 47 187 Hop . | . . . . . . Pick Up 4 | . . 4 . . . Fast Attach . | . . . . . . Attach . | . . . . . . Detach . | . . . . . . Swap . | . . . . . . Drop . | . . . . . . Fire . | . . . . . . Melee . | . . . . . . Ram 2 | 2 . . . . . Kick . | . . . . . . Crush . | . . . . . . Escape Stasis . | . . . . . . Rewire . | . . . . . . Trap . | . . . . . . Miscellaneous . | . . . . . . Route ------- -11/Junkyard -10/Materials -9/Materials -9/Mines -7/Zion -6/Proximity Caves History --------- Turn | Location | Event 7 | -11/Junkyard | Discovered new exit (range 14) 15 | -11/Junkyard | Entered Materials 31 | -10/Materials | Discovered new exit (range 15) 39 | -10/Materials | Entered another Materials area 39 | -9/Materials | Evolved 2 slots: Utility x2 93 | -9/Materials | Discovered new exit (range 15) 100 | -9/Materials | Core integrity fell below 50% 101 | -9/Materials | Entered Mines 112 | -9/Mines | A Derelict revealed a hidden shortcut to a safe place 115 | -9/Mines | Entered Zion 131 | -7/Zion | Discovered new exit (range 15) 139 | -7/Zion | Entered Proximity Caves 161 | -6/Proximity Caves | Learned Factory interactive machine intel 167 | -6/Proximity Caves | Core integrity fell below 20% 305 | -6/Proximity Caves | Build established: Mutant 484 | -6/Proximity Caves | Destroyed by H-66 Slayer with Heavy Assault Rifle Last Messages --------------- 00107_ Found 26 Matter. 00112_ A derelict emerges from the shadows: "It's not safe here! Let me show you to a place where you won't have to worry about staying in one piece!" PO-1O2(z) disappears into a concealed tunnel. LOCATION=UNKNOWN GOAL=ESCAPE 00116_ PO-1O2(z): "It's not far from here, follow me." 00131_ EXIT=FOUND LOCATION=UNKNOWN GOAL=ESCAPE 00161_ Acquired derelict log, extracted data. Data stored: Factory interactive machine intel. 00171_ Searching scrap... 00171_ Found Hvy. Machine Gun. 00171_ Found Focal Shield. 00171_ Found 37 Matter. 00436_ Acquired 37 matter. 00480_ Slug penetrates Wall. 00481_ Penetrated by Slug. Map ----- +----------------------------------------------------+ | ?????????????????????????????????????????????????? | | ?????????????????????????????????????????????????? | | ?????????????????????????????????????????????????? | | ?????????????????????????????????????????????????? | | ?????????????????????????????????????????????????? | | ?????????????????????????????????????????????????? | | ?????????????????????????????????????????????????? | | ?????????????????????????????????????????????????? | | ?????????????????????????????????????????????????? | | ?????????????????????????????????????????????????? | | ?????????????????????????????????????????????????? | | ?????????????????????????????????????????????????? | | ???????# ????????????????????????????????????????? | | ???????# #??????????????????????????????????????? | | ???????# ?????????????????????????????????????? | | ???????? ?????????????????????????????????????? | | ?????????# ????????????????????????? ???????????? | | ?????????# #??????????????????????? ????????????? | | ????????## #???????????????????? ?????????????? | | ????????# ###???????????????? ??????????????? | | ?????????# ??####????????? ????????????????? | | ?????????# #### #??????? ?????????????????? | | ?????????# ##????? #??????????????????? | | ????????## # ##### #??????????????????? | | ????????# # ## h #??????????????????? | | ???????## ## h @ #??????????????????? | | ???????# ## #########??????????????????? | | ???????# ## #??????????????????????????? | | ???????## ####??????????????????????????? | | ????????### #?????????????????????????????? | | ??????????# ##?????????????????????????????? | | # ????????# ##??????????????????????????????? | | # #???????# ##???????????????????????????????? | | # ??????## ##????????????????????????????????? | | # ??????# #?????????????????????????????????? | | #?????# ##?????????????????????????????????? | | #????## #???###????????????????????????????? | | #????# #### ##???????????????????????????? | | ##???## ##??????????????????????????? | | ##???# #??????????????????????????? | | ##?## #??????????????????????????? | | ### #??????????????????????????? | | ##??????????????????????????? | | ##???????????????????????????? | | ###????????????????????????????? | | ### ###??????????????????????????????? | | ##?# ##????????????????????????????????? | | ##?# #######???????????????????????????? | | #?## ##??????????????????????????? | | #??# ##?????????????????????????? | +----------------------------------------------------+ Best States ------------- Heat Dissipation 28 Energy Generation 5 Energy Capacity 100 Matter Stores 286 Matter Capacity 300 Sight Range 16 Terrain Scan Density 10 Evasion (%) 50 Item Schematics ----------------- None Robot Schematics ------------------ None Fabricated ------------ Nothing Alien Tech Used ----------------- None Achievements -------------- None Challenges ------------ None Game ------ Seed ArmoredDataMatrix Manual? 0 Play Time 00:03:06 Cumulative 208.8 hours Start 2023.05.14 @ 16:49:01 End 2023.05.14 @ 16:51:14 Sessions 1 Manual Loads 0 Difficulty Rogue Special Mode None Game No. 600 Rogue 600 Adventurer 0 Explorer 0 Win Type - Total 9 Types 7/0/1/1/0/0/0/0/0 Lore% 81 Gallery% 80 Achievement% 71 Wizard Run 0 Options --------- ASCII 0 Keyboard 0 Movement Numpad Keybinds 0 Fullscreen 1 Font 16/SmallcapsGlow Map View 75x55 Tactical HUD 1 Map Filters NONE Filters NONE Steam 1 RUN: a7c26aac-6632-4807-9d6a-e6770a4a94ee